 Dungeon Crawl Stone Soup version 0.30-a0-989-g0d87f670db (webtiles) character file.

Game seed: 10745912476837492247

712 00011011 the Cleaver (level 7, -3/57 HPs)
             Began as a Hill Orc Fighter on Apr 4, 2023.
             Was an Initiate of Trog.
             Slain by an orc warrior
             ... wielding a +0 halberd
              (13 damage)
             ... on level 6 of the Dungeon.
             The game lasted 00:09:51 (3345 turns).

00011011 the Cleaver (Hill Orc Fighter)             Turns: 3345, Time: 00:09:51

Health: -3/57      AC:  7    Str: 20 (21) XL:     7   Next: 68%
Magic:  7/7        EV: 15    Int:  5 (8)  God:    Trog [......]
Gold:   190        SH:  4    Dex:  7 (10) Spells: 6/6 levels left

rFire   . . .      SeeInvis .    a - +0 war axe
rCold   . . .      Faith    .    c - +0 buckler
rNeg    . . .      Spirit   .    x - +2 leather armour {Will+}
rPois   .          Reflect  .    (no helmet)
rElec   .          Rampage  .    (no cloak)
rCorr   .                        i - +0 pair of gloves
Will    +....                    v - +0 pair of boots
Stlth   +                        (no amulet)
HPRegen 0.29/turn                e - +5 ring of evasion
MPRegen 0.10/turn                (no ring)

@: flying
A: no striking features
a: Renounce Religion


You were on level 6 of the Dungeon.
You worshipped Trog.
Trog was noncommittal.
You visited 1 branch of the dungeon, and saw 6 of its levels.

You collected 218 gold pieces.
You spent 28 gold pieces at shops.

Inventory:

Hand Weapons
 a - a +0 war axe (weapon)
Armour
 c - a +0 buckler (worn)
 h - a +0 plate armour
 i - a +0 pair of gloves (worn)
 v - a +0 pair of boots (worn)
 x - a +2 leather armour of willpower (worn)
Jewellery
 e - a +5 ring of evasion (left hand)
Wands
 s - a wand of mindburst (16)
Scrolls
 j - 2 scrolls of vulnerability
 k - a scroll of blinking
 o - 2 scrolls of silence
 q - a scroll of fear
 r - 2 scrolls of enchant armour
 t - a scroll of amnesia
Potions
 b - a potion of mutation {unknown}
 f - a potion of haste {unknown}
 g - a potion of invisibility {unknown}
 l - a potion of cancellation
 n - a potion of curing
 p - a potion of flight
 w - a potion of attraction {unknown}


   Skills:
 - Level 3.6 Fighting
 + Level 11.0 Axes
 - Level 3.3 Armour
 - Level 3.3 Shields


You had 6 spell levels left.
You didn't know any spells.
Your spell library contained the following spells:

 Spells                   Type           Power      Damage    Failure   Level
 Dazzling Flash           Conj/Hex       0%         N/A       94%         3
 Inner Flame              Hex/Fire       0%         N/A       94%         3
 Cause Fear               Hex            0%         N/A       100%        4
 Iskenderun's Mystic Bla  Conj/Tloc      0%         2d3       100%        4
 Starburst                Conj/Fire      0%         6d3       100%        6
 Discord                  Hex            0%         N/A       100%        8


Dungeon Overview and Level Annotations

Branches:
Dungeon (7/15)
 Temple: D:4-7

Altars:
Dithmenos
Fedhas
Ru
Sif Muna
Trog
Xom
Yredelemnul

Shops:
D:1 [((!*

Annotations:
D:3 exclusion: moth of wrath


Message History

You feel sick.
The orc warrior hits you with a +0 halberd!!
* * * LOW HITPOINT WARNING * * *
The water moccasin misses you. Something hits you but does no damage.
Unknown command.
You feel much better.
You feel sick. The water moccasin closely misses you.
You block the orc warrior's attack.
You hear some strange, mumbled words.
A magic dart appears from out of thin air!
The magic dart hits you.
You feel very mighty all of a sudden.
You feel sick. The water moccasin misses you.
You block the orc warrior's attack. The water moccasin bites you.
* * * LOW HITPOINT WARNING * * *
You block something's attack.
Okay, then.
It was a potion of curing.
You feel better.
The orc warrior hits you with a +0 halberd!
* * * LOW HITPOINT WARNING * * *
The water moccasin bites you but does no damage.
You hear some strange, mumbled words.
A puff of flame appears from out of thin air!
The puff of flame misses you.
It was a potion of cancellation.
Your magical effects are unravelling.
You feel magically purged.
You feel a little less mighty now. The water moccasin misses you.
The orc warrior closely misses you. Something hits you but does no damage.
The water moccasin bites you.
* * * LOW HITPOINT WARNING * * *
It was a potion of degeneration.
There was something very wrong with that liquid.
You feel weakened.
You feel dopey.
You feel clumsy. The orc warrior barely misses you.
The water moccasin closely misses you. Something hits you but does no damage.
It was a potion of flight.
You feel very buoyant.
You fly up into the air.
The water moccasin barely misses you.
The orc warrior hits you with a +0 halberd!
You die...

.# ######(## '.#
#.....# #.# #.###.#
#.# ####.#...## #.#
#..#.#....### #o#
#......._.... ##o#
#.#####....#. #{S#
#.# ##...#.
#o@####.## #.###.
+........# #.....
#.#####.######.####
...#.# #..........#
..#.# ########...#
..#.# ####...# ####
..#.# #......#
#ยงยง### #.#.#
#......# #.##.###
#.#.# #...####


You could see an orc warrior, a water moccasin and 2 orcs.

Vanquished Creatures
  Eustachio (D:4)
  Sigmund (D:3)
  4 orc priests
  Natasha (thrice) (D:3)
  An orc wizard (D:4)
  6 gnolls
  3 adders
  6 worms
  3 dart slugs
  8 orcs
  3 ball pythons
  4 bats
  8 endoplasms
  9 goblins
  4 hobgoblins
  8 jackals
  3 quokkas
  9 frilled lizards
  8 kobolds
  8 rats
100 creatures vanquished.

Notes
Turn   | Place    | Note
-------+----------+-------------------------------------------
     0 | D:1      | 00011011 the Hill Orc Fighter began the quest for the Orb.
     0 | D:1      | Reached XP level 1. HP: 19/19 MP: 1/1
    70 | D:1      | Reached skill level 3 in Axes
    77 | D:1      | Reached XP level 2. HP: 22/26 MP: 2/2
    96 | D:1      | Found Lotuf's Weapon Emporium.
   134 | D:1      | Found Lidiytic's Distillery.
   217 | D:1      | Reached skill level 4 in Axes
   228 | D:1      | Found Ceixo's Weapon Emporium.
   381 | D:1      | Found Wyukio's General Store.
   401 | D:1      | Reached XP level 3. HP: 27/31 MP: 3/3
   406 | D:1      | Bought a scroll of identify for 28 gold pieces
   514 | D:1      | Found Hamuola's Armour Shoppe.
   781 | D:2      | Reached skill level 5 in Axes
   787 | D:2      | Reached XP level 4. HP: 19/39 MP: 4/4
   947 | D:2      | Reached skill level 6 in Axes
  1689 | D:3      | Found a blossoming altar of Fedhas.
  1689 | D:3      | Found a shadowy altar of Dithmenos.
  1799 | D:3      | Noticed a moth of wrath
  1800 | D:3      | Noticed Sigmund
  1809 | D:3      | Killed Sigmund
  1810 | D:3      | Reached skill level 8 in Axes
  1810 | D:3      | Reached XP level 5. HP: 24/45 MP: 5/5
  1810 | D:3      | Reached XP level 6. HP: 27/51 MP: 6/6
  1940 | D:3      | Found a bloodstained altar of Trog.
  1950 | D:3      | Became a worshipper of Trog the Wrathful
  2195 | D:3      | Noticed Natasha
  2206 | D:3      | Killed Natasha
  2449 | D:3      | Noticed Natasha
  2477 | D:3      | Killed Natasha
  2684 | D:3      | Reached skill level 9 in Axes
  2694 | D:3      | Noticed Natasha
  2700 | D:3      | Killed Natasha
  2718 | D:3      | Reached XP level 7. HP: 36/57 MP: 7/7
  2942 | D:4      | Noticed Eustachio
  2986 | D:4      | Reached skill level 10 in Axes
  2989 | D:4      | Killed Eustachio
  3107 | D:4      | You fall into a shaft and drop 3 floors!
  3139 | D:6      | Found a shimmering altar of Xom.
  3139 | D:6      | Found a shimmering blue altar of Sif Muna.
  3163 | D:6      | Found a sacrificial altar of Ru.
  3265 | D:6      | Found a basalt altar of Yredelemnul.
  3333 | D:6      | Reached skill level 11 in Axes
  3345 | D:6      | Slain by an orc warrior

Illustrated notes

Levels and vault maps discovered:
D:1:      dpeg_arrival_shrine, layout_loops_ring, serial_shops, shop,
          nicolae_shop_trees, nicolae_shop_stone, nicolae_shop_waterfront, shop
D:2:      wander_river, layout_basic, kennysheep_pointless_box
D:3:      layout_loops_ring, tgw_trog, gammafunk_temple_overflow_pools,
          serial_co_window_serial, co_window_corner_a, co_window_corner_a,
          co_window_paths_a, co_window_corner_a, co_window_corner_a,
          co_window_paths_b, co_window_2corner, co_window_of_opportunity_c,
          co_window_paths_c, co_window_paths_c, co_window_broadway_b,
          glass_columns_b, glass_columns_a, glass_columns_b, uniq_natasha,
          uniq_sigmund
D:4:      layout_loops_ring, ashenzari_altar_1, serial_bayou_pond_e,
          uniq_grinder, uniq_eustachio
D:6:      layout_basic, nicolae_overflow_crystal_walls, nicolae_ru_awakened_eye,
          gammafunk_temple_overflow_elements, serial_rivers,
          chequers_serial_rivers_micro_c, chequers_serial_rivers_room_a,
          chequers_serial_rivers_room_a, chequers_serial_rivers_micro_c,
          uniq_crazy_yiuf_cottage
D:7:      layout_gridville, minmay_temple_entry_statues_fountains,
          bh_walls_and_bars

Skill      XL: |  1  2  3  4  5  6  7 |
---------------+----------------------+-----
Axes           | 3 4 5 8 9 11 | 11.0
Fighting       | |  3.6
Armour         | |  3.3
Shields        | |  3.3

Action                     |  1- 3 |  4- 6 |  7- 9 || total
---------------------------+-------+-------+-------++-------
  Melee: War axe           |    89 |   156 |    78 ||   323
    Use: Scroll            |     2 |       |     4 ||     6
         Potion            |       |       |     6 ||     6
 Armour: Scale mail        |     9 |       |       ||     9
         Plate armour      |    29 |    57 |    35 ||   121
         Leather armour    |       |       |    11 ||    11
  Dodge: Dodged            |    55 |    50 |    51 ||   156
  Block: Buckler           |    22 |    33 |    29 ||    84

Table legend: (Time is in decaauts)
 A = Elapsed time spent in this place.
 B = Non-inter-level travel time spent in this place.
 C = Inter-level travel time spent in this place.
 D = Time resting spent in this place.
 E = Time spent auto-exploring this place.
 F = Levels seen in this place.
 G = Mean time per level.
                   A        B        C        D        E       F      G
               +--------+--------+--------+--------+--------+-----+--------+
         Total |   3447 |   3410 |     37 |    104 |   2087 |   6 |  574.5 |
       Dungeon |   3447 |   3410 |     37 |    104 |   2087 |   6 |  574.5 |
               +--------+--------+--------+--------+--------+-----+--------+

Top non-repeatable levels by time:
     D:3: 1506 daAuts
     D:2: 719 daAuts
     D:1: 702 daAuts
     D:4: 281 daAuts
     D:6: 230 daAuts
     D:7: 6 daAuts
